 Dungeon Crawl Stone Soup version 0.22-a0-142-g91cc6d7 (webtiles) character file.

47791 sankara the Fighter (level 14, 0/133 HPs)
             Began as a Minotaur Fighter on Feb 5, 2018.
             Was the Champion of Makhleb.
             Killed themself with a badly aimed orb of electricity (26 damage)
             ... on level 6 of the Lair of Beasts.
             The game lasted 01:31:10 (17130 turns).

sankara the Fighter (Minotaur Fighter)             Turns: 17130, Time: 01:31:11

Health: 0/133      AC: 16    Str: 23    XL:     14   Next: 9%
Magic:  28/28      EV: 17    Int:  5    God:    Makhleb [******]
Gold:   408        SH: 11    Dex: 24    Spells: 13/13 levels left

rFire    + . .     SeeInvis .   a - +6 rapier of Veje {vamp, Dex+4}
rCold    + + .     Gourm    .   w - +0 shield
rNeg     + + +     Faith    .   K - +0 chain mail {rC+}
rPois    .         Spirit   .   n - +0 hat
rElec    .         Reflect  .   (no cloak)
rCorr    .         Harm     .   A - +2 pair of gloves {Dex+3}
MR       +....                  E - +0 pair of boots
Stlth    ..........             z - amulet of regeneration
HPRegen  0.72/turn              s - ring "Guitt" {+Blink rF+ rC+ rN+++ Stlth-}
MPRegen  0.21/turn              v - ring "Liydghule" {MP+9 Str+3 Dex+3}

@: berserk cooldown, slowed, very slow
A: retaliatory headbutt, horns 2, weak 1, wild magic 1
a: Minor Destruction, Lesser Servant of Makhleb, Major Destruction, Greater
Servant of Makhleb, Renounce Religion, Evoke Blink


You were on level 6 of the Lair of Beasts.
You worshipped Makhleb.
Makhleb was exalted by your worship.
You were hungry.

You visited 2 branches of the dungeon, and saw 17 of its levels.
You also visited: Labyrinth and Ice Cave.

You collected 1260 gold pieces.
You spent 852 gold pieces at shops.

Inventory:

Hand Weapons
 a - the +6 rapier of Veje (weapon) {vamp, Dex+4}
   (You found it on level 1 of the Lair of Beasts)

   It inflicts no extra harm, but heals its wielder when it wounds a living foe.
   It affects your dexterity (+4).
 b - a +0 hunting sling
 c - a +3 blowgun
 F - a +2 vampiric long sword
Missiles
 e - 79 poisoned needles
 h - 13 javelins (quivered)
 j - 5 throwing nets
 k - 6 curare-tipped needles
 m - 134 sling bullets
 M - 8 silver tomahawks
 U - 5 tomahawks
 W - 7 needles of confusion
Armour
 l - a +3 scale mail of fire resistance
 n - a +0 hat (worn)
 w - a +0 shield (worn)
 A - a +2 pair of gloves of dexterity (worn)
 E - a +0 pair of boots (worn)
 K - a +0 chain mail of cold resistance (worn)
Jewellery
 s - the ring "Guitt" (left hand) {+Blink rF+ rC+ rN+++ Stlth-}
   (You bought it in a shop on level 4 of the Dungeon)

   [ring of protection from cold]

   It protects you from fire.
   It protects you from cold.
   It renders you almost immune to negative energy.
   It lets you blink.
   It makes you less stealthy.
 t - an uncursed amulet of guardian spirit {unknown}
 v - the ring "Liydghule" (right hand) {MP+9 Str+3 Dex+3}
   (You found it in a labyrinth)

   [ring of strength]

   It affects your strength (+3).
   It affects your dexterity (+3).
   It affects your magic capacity (+9).
 x - an uncursed ring of protection from cold
 z - an amulet of regeneration (around neck)
 Q - a +4 ring of intelligence
Wands
 o - a wand of enslavement (20)
 p - a wand of disintegration (23)
 G - a wand of digging (40)
 I - a wand of flame (35)
 N - a wand of acid (15)
 T - a wand of iceblast (13)
 X - a wand of paralysis (18)
Scrolls
 r - a scroll of blinking
 y - 8 scrolls of teleportation
 B - 2 scrolls of enchant armour
 C - 2 scrolls of fog
 H - 3 scrolls of remove curse
 P - 2 scrolls of identify
 S - a scroll of fear
Potions
 d - a potion of might
 g - 3 potions of heal wounds
 i - 10 potions of curing
 q - a potion of agility
 D - 3 potions of haste
 L - 2 potions of resistance
Miscellaneous
 J - a phantom mirror
 R - a lightning rod (4/4)
 Y - a fan of gales
 Z - a lamp of fire
Comestibles
 f - 30 rations
 O - 17 chunks of flesh


   Skills:
 + Level 14.6 Fighting
 - Level 14.0 Long Blades
 + Level 2.8 Throwing
 - Level 9.0 Armour
 + Level 13.6 Dodging
 + Level 5.2 Shields
 + Level 8.8 Invocations
 - Level 4.0 Evocations


You had 13 spell levels left.
You didn't know any spells.

Dungeon Overview and Level Annotations

Branches:
Dungeon (11/15)            Temple (0/1) D:4            Lair (6/6) D:9
 Shoals (0/4) Lair:4       Spider (0/4) Lair:4        Slime (0/5) Lair:5
    Orc (0/2) D:9

Altars:
Ashenzari
Cheibriados
Dithmenos
Gozag
Makhleb
Nemelex Xobeh
Ru
Sif Muna
Trog
Xom
Yredelemnul
Jiyva

Shops:
D:4 =   D:8 }


Innate Abilities, Weirdness & Mutations

You reflexively headbutt those who attack you in melee.
You have a pair of horns on your head.
You are weak. (Str -2)
Your spells are a little harder to cast, but a little more powerful.


Message History

You kill the elephant!
Makhleb accepts your kill.
You feel better.
You are too berserk!
You feel a strong urge to attack something.
You feel your anger nearly subside.
You are no longer berserk.
You pass out from exhaustion.
You feel yourself slow down.
You can move again.
You don't know any spells.
There isn't anything here!
Press: ? - help, Shift-Dir - straight line, f/p - dire elephant
Aim: a dire elephant (severely wounded, lightly drained)
The orb of electricity explodes!
The orb of electricity engulfs the dire elephant.
The dire elephant is almost dead.
The orb of electricity engulfs the komodo dragon.
The komodo dragon is heavily wounded.
The orb of electricity engulfs you!
You die...

##.#...................
##............P...
##....#....(.P...
#P##.#......†...
#####...........
#...#..........
##.............
#.............
#.....@.......
##.............
#.....Y........
##...l..........
##...............
#....†...........
#####....†...........
##..#.................
#...................).


You could see a dire elephant and a komodo dragon.

Vanquished Creatures
  Kirke (Lair:6)
  A frost giant (IceCv)
  2 dire elephants
  The ghost of Stimme the Cleaver, a journeyman HOFi (D:9)
  A minotaur (Lab)
  A hydra (Lair:6)
  3 two-headed ogres
  A death yak (IceCv)
  An unseen horror (D:10)
  2 merfolk sirens (Lair:4)
  An ice statue (IceCv)
  15 elephants
  2 black mambas
  6 spiny frogs
  4 rime drakes
  10 komodo dragons
  2 merfolk (Lair:4)
  21 polar bears
  A hornet (Lair:4)
  21 blink frogs
  Prince Ribbit (D:6)
  6 hippogriffs
  Sigmund (D:2)
  31 yaks
  5 wyverns
  Eustachio (D:6)
  7 basilisks
  3 hogs (Lair:6)
  A steam dragon (Lair:2)
  2 vampire mosquitoes (D:10)
  3 wargs (D:9)
  Edmund (D:6)
  8 porcupines
  11 water moccasins
  4 ice beasts
  A hornet zombie (D:8)
  2 phantoms
  3 sky beasts
  A black bear (Lair:3)
  3 centaurs
  17 wolves
  12 crocodiles
  7 ogres
  10 bullfrogs
  2 big kobolds
  3 scorpions
  A wyvern skeleton (D:10)
  4 wights (D:10)
  5 killer bees (D:10)
  An electric eel (Lair:4)
  3 crimson imps
  A centaur zombie (D:5)
  A quasit (D:8)
  A bullfrog zombie (D:8)
  5 hounds
  4 jellies
  7 orc priests
  Jessica (D:2)
  An iguana (D:9)
  6 orc wizards
  8 worker ants
  A hound skeleton (D:5)
  11 gnolls
  12 adders
  A shadow imp (D:4)
  3 oozes
  5 worms
  2 dart slugs
  6 leopard geckos
  29 orcs
  9 bats
  4 giant cockroaches
  7 hobgoblins
  8 jackals
  3 quokkas
  3 ball pythons
  4 frilled lizards
  7 goblins
  15 kobolds
  A leopard gecko skeleton (D:4)
  15 rats
438 creatures vanquished.

Vanquished Creatures (others)
  A polar bear (IceCv)
  2 humans (Lair:6)
  An adder (D:3)
  7 fungi
  13 plants
24 creatures vanquished.

Grand Total: 462 creatures vanquished

Notes
Turn   | Place    | Note
-------+----------+-------------------------------------------
     0 | D:1      | sankara the Minotaur Fighter began the quest for the Orb.
     0 | D:1      | Reached XP level 1. HP: 19/19 MP: 0/0
   139 | D:1      | Found a sparkling altar of Nemelex Xobeh.
   222 | D:1      | Reached XP level 2. HP: 26/26 MP: 1/1
   893 | D:2      | Noticed Sigmund
   902 | D:2      | Killed Sigmund
   902 | D:2      | Reached skill level 5 in Long Blades
   902 | D:2      | Reached XP level 3. HP: 18/31 MP: 2/2
   902 | D:2      | Reached XP level 4. HP: 23/39 MP: 3/3
   902 | D:2      | Reached XP level 5. HP: 27/45 MP: 4/4
  1071 | D:2      | Noticed a moth of wrath
  1074 | D:2      | Found a bloodstained altar of Trog.
  1419 | D:2      | Noticed Jessica
  1449 | D:2      | Killed Jessica
  2003 | D:3      | Found a burning altar of Makhleb.
  2022 | D:3      | Noticed a green death
  2026 | D:3      | Noticed a neqoxec
  2026 | D:3      | Noticed an orange demon
  2028 | D:3      | Became a worshipper of Makhleb the Destroyer
  2106 | D:3      | Reached XP level 6. HP: 51/51 MP: 5/5
  2936 | D:3      | Reached * piety under Makhleb
  3059 | D:3      | Found a deep blue altar of Sif Muna.
  3161 | D:3      | Found a snail-covered altar of Cheibriados.
  3422 | D:4      | Noticed a sky beast
  3430 | D:4      | Killed a sky beast
  3430 | D:4      | Reached XP level 7. HP: 59/59 MP: 6/6
  3859 | D:4      | Found Zucapten's Jewellery Boutique.
  3902 | D:4      | Found an opulent altar of Gozag.
  4064 | D:4      | Reached ** piety under Makhleb
  4222 | D:4      | Reached skill level 5 in Fighting
  4231 | D:4      | Reached skill level 5 in Dodging
  4480 | D:4      | Found a staircase to the Ecumenical Temple.
  4676 | D:5      | Entered Level 5 of the Dungeon
  4750 | D:5      | Reached XP level 8. HP: 68/68 MP: 7/7
  5296 | D:5      | Reached skill level 1 in Invocations
  5388 | D:5      | Found a shattered altar of Ashenzari.
  5682 | D:6      | Noticed Prince Ribbit
  5709 | D:6      | Killed Prince Ribbit
  5709 | D:6      | Reached skill level 10 in Long Blades
  5957 | D:6      | Noticed Edmund
  5965 | D:6      | Killed Edmund
  5965 | D:6      | Reached XP level 9. HP: 78/78 MP: 9/9
  6265 | D:6      | Noticed Eustachio
  6290 | D:6      | Killed Eustachio
  7256 | D:7      | Reached *** piety under Makhleb
  7698 | D:8      | Found Doinwu's Gadget Emporium.
  7925 | D:8      | Noticed a two-headed ogre
  7932 | D:8      | Killed a two-headed ogre
  7932 | D:8      | Reached skill level 5 in Armour
  7932 | D:8      | Reached XP level 10. HP: 86/90 MP: 12/12
  8250 | D:8      | Found a sacrificial altar of Ru.
  8355 | D:9      | Found a staircase to the Orcish Mines.
  8372 | D:9      | Noticed Stimme's ghost (journeyman HOFi)
  8390 | D:9      | Reached **** piety under Makhleb
  8403 | D:9      | Killed Stimme's ghost
  8624 | D:9      | Noticed a two-headed ogre
  8635 | D:9      | Killed a two-headed ogre
  8640 | D:9      | Found a staircase to the Lair.
  8708 | D:9      | Found a shimmering altar of Xom.
  8708 | D:9      | Found a shadowy altar of Dithmenos.
  8708 | D:9      | Found a basalt altar of Yredelemnul.
  8930 | D:10     | Entered Level 10 of the Dungeon
  8965 | D:10     | Reached skill level 10 in Fighting
  9106 | D:10     | Reached XP level 11. HP: 99/99 MP: 13/13
  9390 | D:10     | Noticed a two-headed ogre
  9399 | D:10     | Killed a two-headed ogre
  9471 | D:10     | Killed an unseen horror
  9741 | D:10     | Found a basalt altar of Yredelemnul.
 10019 | D:11     | Found a frozen archway.
 10034 | D:11     | Reached skill level 10 in Dodging
 10072 | IceCv    | Entered an ice cave
 10115 | IceCv    | Reached ***** piety under Makhleb
 10190 | IceCv    | Reached skill level 5 in Invocations
 10491 | IceCv    | Reached XP level 12. HP: 111/111 MP: 15/15
 10601 | IceCv    | Noticed a frost giant
 10601 | IceCv    | Noticed a death yak
 10645 | IceCv    | Killed a frost giant
 10703 | IceCv    | Killed a death yak
 10840 | IceCv    | Gained mutation: You are weak. (Str -2) [potion of mutation]
 10840 | IceCv    | Gained mutation: Your spells are a little harder to cast, but a little more powerful. [potion of mutation]
 10999 | Lair:1   | Entered Level 1 of the Lair of Beasts
 11137 | Lair:1   | Found a shimmering altar of Xom.
 11284 | Lair:1   | Got an ancient rapier
 11285 | Lair:1   | Identified the +6 rapier of Veje {vamp, Dex+4} (You found it on level 1 of the Lair of Beasts)
 12909 | Lair:3   | Found a labyrinth entrance.
 12954 | Lab      | Entered a labyrinth
 13539 | Lab      | Noticed a minotaur
 13545 | Lab      | Killed a minotaur
 13545 | Lab      | Reached XP level 13. HP: 116/122 MP: 17/17
 13550 | Lab      | Identified the ring "Liydghule" {MP+9 Str+3 Dex+3} (You found it in a labyrinth)
 14027 | D:4      | Bought the ring "Guitt" {+Blink rF+ rC+ rN+++ Stlth-} for 852 gold pieces
 14669 | Lair:4   | Found a staircase to the Shoals.
 14833 | Lair:4   | Reached skill level 1 in Evocations
 14848 | Lair:4   | Found a hole to the Spider Nest.
 15482 | Lair:5   | Noticed a dire elephant
 15630 | Lair:4   | Killed a dire elephant
 16110 | Lair:5   | Reached ****** piety under Makhleb
 16520 | Lair:5   | Found a viscous altar of Jiyva.
 16520 | Lair:5   | Found a staircase to the Slime Pits.
 16646 | Lair:6   | Entered Level 6 of the Lair of Beasts
 16715 | Lair:6   | Reached skill level 1 in Throwing
 16734 | Lair:6   | Noticed Kirke
 16842 | Lair:6   | Noticed a dire elephant
 16856 | Lair:6   | Killed a dire elephant
 16883 | Lair:6   | Noticed a sphinx
 16884 | Lair:6   | Killed Kirke
 16928 | Lair:6   | Reached XP level 14. HP: 132/133 MP: 19/19
 16985 | Lair:6   | Reached skill level 5 in Shields
 17119 | Lair:6   | HP: 8/199 [dire elephant (13)]
 17130 | Lair:6   | Killed themself with a badly aimed orb of electricity

Vault maps used:
D:1:      giann_horns, nemelex_diamond_rough_becter
D:2:      tgw_trog, first_ration, uniq_jessica, uniq_sigmund
D:3:      makhleb_altar_promises_db, lemuel_doored_altar,
          lemuel_coloured_pillars_altar
D:4:      marbit_many_paths, temple_hall, serial_shops, nicolae_shop_crystal,
          st_stairs_9
D:5:      lemuel_crystal_altar
D:6:      uniq_prince_ribbit1, uniq_eustachio, uniq_edmund
D:7:      solitary_fountain
D:8:      nicolae_ru_the_path_less_chosen, serial_shops, kennysheep_mini
D:9:      gammafunk_temple_overflow_claw, erik_lair_orcish_takeover
D:10:     basic_altar
D:11:     enter_bailey_2, portal_ice_cave_entry_animals_and_master
Lair:1:   basic_altar, grunt_megastairs_1, serial_bayou_shore_b
Lair:3:   lab_entry_generic, lemuel_fruit_tree
Lair:4:   elwin_shoals_entry_stream, nicolae_spider_entry_non_spiders,
          serial_bayou_shore_a
Lair:5:   beast_lair_carwin_large_4, slime_altar_1, kennysheep_basilisk_garden
Lair:6:   gammafunk_lair_ancient_temple, uniq_kirke
Lab:      labyrinth_hidden_loot, labyrinth_lava_lair
IceCv:    ice_cave_caverns_02

Skill      XL: |  1  2  3  4  5  6  7  8  9 10 11 12 13 14 |
---------------+-------------------------------------------+-----
Long Blades    | 3 5 6 7 8 10 11 12 13 14 | 14.0
Dodging        | 2 3 4 5 6 8 9 10 12 13 | 13.6
Fighting       | 4 5 6 8 10 11 13 14 | 14.6
Invocations    | 2 4 6 7 8 |  8.8
Armour         | 5 7 8 9 |  9.0
Evocations     | 4 |  4.0
Throwing       | 2 |  2.8
Shields        | 4 5 |  5.2

Action                   |  1- 3 |  4- 6 |  7- 9 | 10-12 | 13-15 || total
-------------------------+-------+-------+-------+-------+-------++-------
Melee: Long sword        |    47 |   134 |   264 |   599 |       ||  1044
       Headbutt          |     5 |    27 |    71 |   252 |   198 ||   553
       Rapier            |       |       |       |   139 |   488 ||   627
 Fire: Hunting sling     |       |    29 |    86 |       |       ||   115
Throw: Javelin           |       |       |       |       |     4 ||     4
Invok: Minor Destruction |       |       |       |     4 |       ||     4
       Major Destruction |       |       |       |     3 |    17 ||    20
       Lesser Servant of |       |       |       |     2 |       ||     2
 Abil: Evoke Blink       |       |       |       |       |     4 ||     4
  Use: Potion            |     3 |     5 |       |     7 |     1 ||    16
       Scroll            |       |       |     9 |    10 |     6 ||    25
 Stab: Invisible         |       |     1 |       |       |       ||     1
  Eat: Chunk             |       |     8 |    12 |    15 |    10 ||    45
       Ration            |       |       |     2 |     3 |       ||     5
Armor: Scale mail        |    13 |    41 |    46 |       |       ||   100
       Skin              |       |     6 |       |       |       ||     6
       Chain mail        |       |       |    40 |   270 |   198 ||   508
Dodge: Dodged            |    16 |    50 |    98 |   316 |   281 ||   761
Block: Shield            |    17 |    71 |   118 |   340 |   250 ||   796
       Rpst.: Long sword |     3 |     8 |    13 |    66 |       ||    90

Table legend:
 A = Spawn XP
 B = Non-spawn XP
 C = Spawn XP percentage of total XP
 D = Spawn monster count
 E = Non-spawn monster count
 F = Spawn count percentage of total count
 G = Total turns spent on level
                    A         B        C        D         E        F      G
               +---------+---------+-------+---------+---------+-------+---------
         Total |       0 |   68273 |   0.0 |       0 |     440 |   0.0 | 17130
               +---------+---------+-------+---------+---------+-------+---------
           D:1 |       0 |      30 |   0.0 |       0 |      16 |   0.0 |   853
           D:2 |       0 |     334 |   0.0 |       0 |      28 |   0.0 |  1435
           D:3 |       0 |     262 |   0.0 |       0 |      42 |   0.0 |  1261
           D:4 |       0 |     764 |   0.0 |       0 |      30 |   0.0 |  1263
           D:5 |       0 |     791 |   0.0 |       0 |      16 |   0.0 |   902
           D:6 |       0 |    1216 |   0.0 |       0 |      21 |   0.0 |  1277
           D:7 |       0 |     580 |   0.0 |       0 |       6 |   0.0 |   743
           D:8 |       0 |    2338 |   0.0 |       0 |      27 |   0.0 |   918
           D:9 |       0 |    3582 |   0.0 |       0 |      28 |   0.0 |   608
          D:10 |       0 |    3397 |   0.0 |       0 |      23 |   0.0 |  1138
          D:11 |       0 |    1867 |   0.0 |       0 |       8 |   0.0 |   103
        Lair:1 |       0 |    2592 |   0.0 |       0 |      11 |   0.0 |   880
        Lair:2 |       0 |    4228 |   0.0 |       0 |      19 |   0.0 |  1028
        Lair:3 |       0 |    5496 |   0.0 |       0 |      23 |   0.0 |   798
        Lair:4 |       0 |    6099 |   0.0 |       0 |      27 |   0.0 |  1186
        Lair:5 |       0 |    7347 |   0.0 |       0 |      20 |   0.0 |   822
        Lair:6 |       0 |   13601 |   0.0 |       0 |      42 |   0.0 |   484
           Lab |       0 |    1018 |   0.0 |       0 |       1 |   0.0 |   611
         IceCv |       0 |   12731 |   0.0 |       0 |      52 |   0.0 |   820
               +---------+---------+-------+---------+---------+-------+---------
